 Dungeon Crawl Stone Soup version 0.26-a0-812-g31a745ddcd (webtiles) character file.

Game seed: 16597113350110238732

86 vurker the Sneak (level 4, -1/32 HPs)
             Began as a Gnoll Enchanter on Dec 7, 2020.
             Slain by Grinder (6 damage)
             ... while paralysed by Grinder
             ... on level 3 of the Dungeon.
             The game lasted 00:02:20 (2339 turns).

vurker the Sneak (Gnoll Enchanter)                  Turns: 2339, Time: 00:02:20

Health: -1/32      AC:  2    Str: 10    XL:     4   Next: 50%
Magic:  11/11      EV:  2    Int: 19    God:
Gold:   67         SH:  0    Dex: 15    Spells: 12/13 levels left

rFire    . . .     SeeInvis .   h - +7 club
rCold    . . .     Faith    .   (no shield)
rNeg     . . .     Spirit   .   b - +0 robe
rPois    .         Reflect  .   (no helmet)
rElec    .         Harm     .   (no cloak)
rCorr    .         Rampage  .   (no gloves)
MR       .....                  (no boots)
Stlth    +++.......             (no amulet)
HPRegen  0.10/turn              (no ring)
MPRegen  0.12/turn              (no ring)

@: paralysed
A: distributed training, fangs 1, strong nose
a: no special abilities


You were on level 3 of the Dungeon.
You visited 1 branch of the dungeon, and saw 3 of its levels.

You collected 67 gold pieces.

Inventory:

Hand Weapons
 h - a +7 club (weapon)
   (You took it off Jessica on level 2 of the Dungeon)
Armour
 b - a +0 robe (worn)
 f - a +0 chain mail
   (You found it on level 1 of the Dungeon)
Scrolls
 a - 2 scrolls of fear {unknown}
 c - a scroll of remove curse {unknown}
 d - a scroll of blinking {unknown}
 e - 4 scrolls of identify {unknown}
Potions
 g - 3 potions of degeneration {unknown}
 i - a potion of heal wounds {unknown}
 j - a potion of flight {unknown}


   Skills:
 + Level 1.1 Fighting
 + Level 2.7 Short Blades
 + Level 1.1 Long Blades
 + Level 1.1 Axes
 + Level 1.1 Maces & Flails
 + Level 1.1 Polearms
 + Level 1.1 Staves
 + Level 1.1 Slings
 + Level 1.1 Bows
 + Level 1.1 Crossbows
 + Level 1.1 Throwing
 + Level 1.1 Armour
 + Level 4.6 Dodging
 + Level 6.0 Stealth
 + Level 1.1 Shields
 + Level 1.1 Unarmed Combat
 + Level 5.1 Spellcasting
 + Level 0.9 Conjurations
 + Level 5.4 Hexes
 + Level 0.9 Summonings
 + Level 0.9 Necromancy
 + Level 0.9 Translocations
 + Level 0.9 Transmutations
 + Level 0.9 Fire Magic
 + Level 0.9 Ice Magic
 + Level 0.9 Air Magic
 + Level 0.9 Earth Magic
 + Level 0.9 Poison Magic
 + Level 1.2 Invocations
 + Level 1.1 Evocations


You had 12 spell levels left.
You knew the following spells:

 Your Spells              Type           Power        Failure   Level
a - Corona                Hex            ####...      1%          1

Your spell library contained the following spells:

 Spells                   Type           Power        Failure   Level
 Confusing Touch          Hex            ####....     3%          3
 Tukima's Dance           Hex            ####....     3%          3
 Ensorcelled Hibernation  Hex/Ice        ###...       4%          2
 Dazzling Flash           Conj/Hex       ###...       10%         3


Dungeon Overview and Level Annotations

Branches:
Dungeon (2/15)

Altars:
Gozag

Annotations:
D:3 Grinder, Ijyb


Innate Abilities, Weirdness & Mutations

Your experience applies equally to all skills.
You have very sharp teeth.
Your uncanny sense of smell can sniff out nearby items.


Message History

Ijyb moves out of view.
The kobold shouts! x2; You hear a shout!
An orc comes into view.
Found a fuming pink potion and a grey potion.
Found a scroll labelled IZUNUEROIW.
Found a hand axe.
Found a scale mail.
Found a sapphire potion.
a - 2 scrolls labelled IZUNUEROIW (gained 1)
i - a sapphire potion You open the door.
A bat comes into view.
There is an open door here.
The bat hits you but does no damage. The bat closely misses you.
You miss the bat. You bite the bat, but do no damage.
The bat barely misses you. The bat closely misses you.
You sock the bat!
You kill the bat!
You see here a bat corpse.
You see here a bat corpse.
Found a ruby potion.
j - a ruby potion Grinder comes into view.
She is carrying a wand of random effects (19).
Grinder shouts!
You hear an angry hiss.
Grinder gestures at you.
You suddenly lose the ability to move!
A frilled lizard comes into view.
Grinder hits you. Grinder barely misses you.
You can move again.
You barely miss Grinder. Grinder hits you but does no damage.
You thump Grinder! Grinder barely misses you. Grinder gestures at you.
Pain shoots through your body!
You closely miss Grinder. Grinder gestures at you.
You suddenly lose the ability to move!
Grinder gestures at you. You resist with significant effort.
Grinder says, "I used to sell toenails on the black market."
Grinder hits you. Grinder hits you!
* * * LOW HITPOINT WARNING * * *
You writhe in agony.
* * * LOW HITPOINT WARNING * * *
Grinder says, "What is the universe for?"
Grinder hits you.
* * * LOW HITPOINT WARNING * * *
You writhe in agony.
You die...

∆ ### #.. ∆ #.# #.#
#####.########.#
##.......@5l.....
###........##..##.#
#.#.####.#.# .#
#.#. #.#.# .# #.#.
#.#.##..## #.#.##
#........# #.#..#
###.###..#
######.##.#####..##
.......†..........#


You could see Grinder and a frilled lizard.

Vanquished Creatures
  Jessica (D:2)
  A gnoll (D:1)
  An adder (D:2)
  A dart slug (D:1)
  3 bats
  2 giant cockroaches
  3 hobgoblins (D:1)
  3 ball pythons (D:1)
  A frilled lizard (D:2)
  9 goblins
  10 kobolds
  6 rats
41 creatures vanquished.

Notes
Turn   | Place    | Note
-------+----------+-------------------------------------------
     0 | D:1      | vurker the Gnoll Enchanter began the quest for the Orb.
     0 | D:1      | Reached XP level 1. HP: 13/13 MP: 6/6
   232 | D:1      | Reached XP level 2. HP: 19/19 MP: 7/7
   614 | D:1      | Reached XP level 3. HP: 25/25 MP: 9/9
   868 | D:1      | Reached skill level 5 in Spellcasting
   906 | D:1      | Reached skill level 6 in Stealth
   912 | D:1      | Reached skill level 1 in Invocations
  1647 | D:2      | Reached skill level 1 in Fighting
  1647 | D:2      | Reached skill level 1 in Long Blades
  1647 | D:2      | Reached skill level 1 in Axes
  1647 | D:2      | Reached skill level 1 in Maces & Flails
  1647 | D:2      | Reached skill level 1 in Polearms
  1647 | D:2      | Reached skill level 1 in Staves
  1647 | D:2      | Reached skill level 1 in Slings
  1647 | D:2      | Reached skill level 1 in Bows
  1647 | D:2      | Reached skill level 1 in Crossbows
  1647 | D:2      | Reached skill level 1 in Throwing
  1647 | D:2      | Reached skill level 1 in Armour
  1647 | D:2      | Reached skill level 1 in Shields
  1647 | D:2      | Reached skill level 1 in Unarmed Combat
  1647 | D:2      | Reached skill level 1 in Evocations
  1909 | D:2      | Noticed Jessica
  1927 | D:2      | Killed Jessica
  1927 | D:2      | Reached XP level 4. HP: 14/32 MP: 11/11
  2147 | D:2      | Found an opulent altar of Gozag.
  2271 | D:2      | You fall into a shaft and drop 1 floor!
  2272 | D:3      | Noticed Ijyb
  2329 | D:3      | Noticed Grinder
  2330 | D:3      | Paralysed by Grinder for 3 turns
  2335 | D:3      | Paralysed by Grinder for 5 turns
  2339 | D:3      | Slain by Grinder

Illustrated notes

Levels and vault maps discovered:
D:1:      saegor_arrival_miasma, layout_loops_ring, supply_closet_lemuel
D:2:      layout_basic, nicolae_gozag_seed_capital,
          minmay_misc_feat_secret_circle, uniq_natasha, uniq_jessica
D:3:      layout_basic, marbit_many_paths, serial_glass, glass_columns_a,
          glass_columns_a, minmay_puff, uniq_crazy_yiuf_cottage, uniq_ijyb,
          uniq_grinder

Skill      XL: |  1  2  3 |
---------------+----------+-----
Spellcasting   | 5 |  5.1
Stealth        | 6 |  6.0
Invocations    | 1 |  1.2
Fighting       | 1 |  1.1
Long Blades    | 1 |  1.1
Axes           | 1 |  1.1
Maces & Flails | 1 |  1.1
Polearms       | 1 |  1.1
Staves         | 1 |  1.1
Slings         | 1 |  1.1
Bows           | 1 |  1.1
Crossbows      | 1 |  1.1
Throwing       | 1 |  1.1
Armour         | 1 |  1.1
Shields        | 1 |  1.1
Unarmed Combat | 1 |  1.1
Evocations     | 1 |  1.1
Short Blades   | |  2.7
Dodging        | |  4.6
Conjurations   | |  0.9
Hexes          | |  5.4
Summonings     | |  0.9
Necromancy     | |  0.9
Translocations | |  0.9
Transmutations | |  0.9
Fire Magic     | |  0.9
Ice Magic      | |  0.9
Air Magic      | |  0.9
Earth Magic    | |  0.9
Poison Magic   | |  0.9

Action                   |  1- 3 |  4- 6 || total
-------------------------+-------+-------++-------
Melee: Dagger            |   121 |    11 ||   132
       Bite              |     8 |     1 ||     9
       Club              |       |     9 ||     9
 Stab: Sleeping          |    12 |       ||    12
Armor: Robe              |     8 |     4 ||    12
Dodge: Dodged            |    72 |    24 ||    96

Table legend: (Time is in decaauts)
 A = Elapsed time spent in this place.
 B = Non-inter-level travel time spent in this place.
 C = Inter-level travel time spent in this place.
 D = Time resting spent in this place.
 E = Time spent auto-exploring this place.
 F = Levels seen in this place.
 G = Mean time per level.
                   A        B        C        D        E       F      G
               +--------+--------+--------+--------+--------+-----+--------+
         Total |   2330 |   2260 |     70 |    132 |   1736 |   3 |  776.7 |
       Dungeon |   2330 |   2260 |     70 |    132 |   1736 |   3 |  776.7 |
               +--------+--------+--------+--------+--------+-----+--------+

Top non-repeatable levels by time:
     D:1: 1743 daAuts
     D:2: 517 daAuts
     D:3: 68 daAuts
